Cogmind - Beta 11.1 @@@ ROGUE MODE // 2022.05.17 @ 01:33:25 Player: RX86 Result: Destroyed by as-19664 with Assembled Maul Performance ------------- Evolutions (0) 0 Regions Visited (2) 400 Robots Destroyed (23) 115 Value Destroyed (389) 389 Prototype IDs (1) 20 Alien Tech Used (0) 0 Bonus (0) 0 TOTAL SCORE: 924 Bonus ------- None Cogmind --------- Core Integrity 0/250 Matter 300/300 Energy 95/100 System Corruption 9% Temperature Cool (0) Movement Hovering (56) Location -10/Mines Parts ------- > --- POWER (1) -------- (None) > --- PROPULSION (2) --- Improved Hover Unit Improved Hover Unit > --- UTILITY (2) ------ Sensor Array Signal Interpreter > --- WEAPON (2) ------- EM Pulse Gun Grenade Launcher > --- INVENTORY (5) ---- Improved Hover Unit Flight Unit EM Pulse Gun Plasma Cutter Peak State ------------ > --- POWER ------------ Cooled Ion Engine > --- PROPULSION ------- Improved Hover Unit Improved Hover Unit > --- UTILITY ---------- Medium Storage Unit Transport Network Coupler > --- WEAPON ----------- Plasma Cutter Plasma Cutter > --- INVENTORY -------- Light Ion Engine Light Treads Light Treads Aluminum Leg Aluminum Leg Aluminum Leg Small Storage Unit Large Storage Unit [Rating: 13] Favorites ----------- Power Cooled Ion Engine Engine Cooled Ion Engine Propulsion Light Treads Treads Light Treads Leg Aluminum Leg Hover Unit Improved Hover Unit Utility Transport Network Coupler Device Sensor Array Storage Large Storage Unit Processor Transport Network Coupler Weapon EM Pulse Gun Energy Gun EM Pulse Gun Ballistic Gun Assault Rifle Launcher Grenade Launcher Special Weapon Plasma Cutter Build | -11 -10 -10 ------- Run | Scr Mat Min Slots Evolved . | . . . Power . | . . . Propulsion . | . . . Utility . | . . . Weapon . | . . . Parts Attached 42 | 4 22 16 Power 5 | 1 1 3 Engine 5 | 1 1 3 Core . | . . . Reactor . | . . . Propulsion 14 | 2 9 3 Treads 5 | . 4 1 Leg 5 | 2 3 . Wheel . | . . . Hover 4 | . 2 2 Flight . | . . . Utility 8 | 1 5 2 Device 1 | . . 1 Storage 5 | 1 4 . Processor 2 | . 1 1 Hackware . | . . . Protection . | . . . Artifact . | . . . Weapon 15 | . 7 8 Energy Gun 9 | . 4 5 Energy Cannon . | . . . Ballistic Gun 1 | . 1 . Ballistic Cannon . | . . . Launcher 3 | . . 3 Special Weapon 2 | . 2 . Impact Weapon . | . . . Slashing Weapon . | . . . Piercing Weapon . | . . . Special Melee Weapon . | . . . Unidentified Prototypes 1 | . 1 . Parts Lost 9 | . 2 7 Power 3 | . 1 2 Propulsion 1 | . . 1 Utility 1 | . . 1 Weapon 4 | . 1 3 Highest Loss Streak 4 | . 1 4 To Critical Strikes . | . . . Average Slot Usage (%) 95 | . 94 98 Engine 13 | . 13 13 Treads 21 | . 20 26 Leg 6 | . 7 . Storage 14 | . 14 13 Processor 11 | . 10 13 Energy Gun 18 | . 16 24 Ballistic Gun 2 | . 3 . Special Weapon 4 | . 5 . Naked Turns . | . . . Heaviest Build 32 | 8 32 32 Greatest Support 40 | 20 40 40 Greatest Overweight (x) 2 | . 1 2 Average Overweight (x) . | . . . Largest Inventory Capacity 15 | 8 15 15 Average Capacity 12 | 6 12 14 Most Carried 14 | 5 14 14 Average Carried 10 | 3 9 13 Final Capacity 15 | 8 15 5 Final Carried 14 | 5 14 4 Class Distribution -------------------- 100% | Mutant Dominant Class ---------------- Mutant | -10/Materials Mutant | -10/Mines Resources | -11 -10 -10 ----------- Run | Scr Mat Min Matter Collected 729 | 240 311 178 Remotely . | . . . Salvage Created 622 | . 486 136 Parts 56 | . 37 19 Haulers Intercepted 2 | . 2 . Recyclers Shooed 1 | . 1 . Parts Field Recycled . | . . . Retrieved Matter . | . . . Parts Self-Destructed . | . . . Prevented . | . . . Kills | -11 -10 -10 ------- Run | Scr Mat Min Combat Hostiles Destroyed 22 | . 12 10 Guns 13 | . 8 5 Cannons 2 | . 2 . AOE 7 | . 2 5 Classes Destroyed 6 | . 4 2 Builder 1 | . . 1 Hauler 2 | . 2 . Watcher 2 | . 2 . Swarmer 11 | . 5 6 Grunt 7 | . 7 . Assembled 4 | . . 4 Best Kill Streak 4 | . 4 4 Combat Bots Only 4 | . 4 3 Max Kills in Single Turn 3 | . 1 3 Gunslinging . | . . . Exploded 3 | . 1 3 Melee . | . . . Uniques/NPCs Destroyed . | . . . Combat | -11 -10 -10 -------- Run | Scr Mat Min Damage Taken 1325 | . 530 795 Core 264 | . 140 124 Absorbed by Shields . | . . . Core Remaining (%) 100 | 100 . . Volleys Fired 74 | . 50 24 Largest 2 | . 2 2 Hottest 80 | . 80 80 Shots Fired 136 | . 96 40 Gun 115 | . 79 36 Cannon . | . . . Launcher 4 | . . 4 Special 17 | . 17 . Kinetic 25 | . 25 . Thermal 41 | . 41 . Explosive 4 | . . 4 Electromagnetic 66 | . 30 36 Robot Hit Streak 11 | . 11 5 Robot Miss Streak 4 | . 4 4 Penetration Max . | . . . Secondary Targets 2 | . 1 1 Max Gunslinging Chain 1 | . 1 1 Shots Hit Robots 69 | . 51 18 Core Hits 38 | . 24 14 Critical Kills . | . . . Critical Parts Destroyed . | . . . Critical Strikes 1 | . . 1 Corrupt 1 | . . 1 Melee Attacks . | . . . Impact . | . . . Slashing . | . . . Piercing . | . . . Sneak Attacks . | . . . Combat Hostiles . | . . . Follow-up Attacks . | . . . Damage Inflicted 1243 | . 749 494 Guns 777 | . 589 188 Cannons . | . . . Explosions 413 | . 107 306 Melee . | . . . Ramming . | . . . Kinetic 203 | . 203 . Thermal 435 | . 370 65 Explosive 241 | . . 241 Electromagnetic 364 | . 176 188 Impact . | . . . Slashing . | . . . Piercing . | . . . Highest Corruption 9 | . 4 9 Average Corruption 3 | . 3 4 Corruption Purged . | . . . Corruption Blocked . | . . . Effects 9 | . 5 4 Matter Fused 3 | . 2 1 Heat Flow Errors 2 | . 1 1 Data Loss (minor) 3 | . 2 1 Alerts 1 | . . 1 Overload Shots . | . . . Overflow Damage 11 | . . 11 Projectiles . | . . . Explosions 11 | . . 11 Melee . | . . . Knockbacks . | . . . Impact . | . . . Kinetic . | . . . Secondary . | . . . Self-Inflicted Damage 28 | . . 28 Shots 1 | . . 1 Rammed . | . . . Targets Rammed . | . . . Kicked . | . . . Crushed . | . . . Highest Temperature 221 | . 162 221 Average Temperature 44 | . 51 32 Received Heat Transfer 174 | . 174 . Siege Activations . | . . . Robots Corrupted . | . . . Combat Hostiles . | . . . Parts Fried 1 | . 1 . Impact Corruptions . | . . . Robots Melted . | . . . Combat Hostiles . | . . . Parts Melted 2 | . 2 . Heat Transferred 914 | . 864 50 Parts Sabotaged . | . . . Parts Stolen . | . . . Parts Stripped . | . . . Power Chain Reactions 3 | . 2 1 Missiles Intercepted . | . . . Alert | -11 -10 -10 ------- Run | Scr Mat Min Peak Influence 246 | . 246 210 Initial 30 | . . 30 Average 122 | . 112 171 Maximum Alert Level 1 | . 1 1 Low Security (%) 85 | 100 89 71 Level 1 14 | . 10 28 Level 2 . | . . . Level 3 . | . . . Level 4 . | . . . Level 5 . | . . . High Security . | . . . Max Security . | . . . Squads Dispatched 3 | . 3 . Investigation 2 | . 2 . Extermination . | . . . Reinforcement 1 | . 1 . Assault . | . . . Garrison . | . . . Intercept . | . . . Searches Triggered . | . . . Construction Impeded . | . . . Haulers Reinforced . | . . . Active Scanning Responses . | . . . Cargo Convoy Interrupts . | . . . Stealth | -11 -10 -10 --------- Run | Scr Mat Min Distress Signals 1 | . 1 . Communications Jammed . | . . . Distress Signals . | . . . Times Spotted 49 | . 23 26 Peak Tracking Total 10 | . 4 10 Tactical Retreats 5 | . 2 3 Traps | -11 -10 -10 ------- Run | Scr Mat Min Traps Triggered 4 | . 4 . Indirectly . | . . . Trap Hack Attempts . | . . . Triggered . | . . . Disarmed . | . . . Reprogrammed . | . . . Reused . | . . . Traps Extracted . | . . . Installed . | . . . Triggered . | . . . Machines | -11 -10 -10 ---------- Run | Scr Mat Min Machines Disabled . | . . . Max in Single Turn . | . . . Machines Sabotaged . | . . . Garrisons Compromised . | . . . Overloaded Fab Kills . | . . . Hacking | -11 -10 -10 --------- Run | Scr Mat Min Machines Accessed 8 | . 8 . Terminals 6 | . 6 . Fabricators . | . . . Repair Stations 1 | . 1 . Recycling Units 1 | . 1 . Scanalyzers . | . . . Garrison Access . | . . . Total Hacks 21 | . 21 . Successful 13 | . 13 . Failed 8 | . 8 . Catastrophic 1 | . 1 . Database Lockouts . | . . . Manual 21 | . 21 . Terminals 18 | . 18 . Fabricators . | . . . Repair Stations 1 | . 1 . Recycling Units 2 | . 2 . Scanalyzers . | . . . Garrison Access . | . . . Terminal Hacks 1 | . 1 . Terminal Index 1 | . 1 . Fabricator Hacks . | . . . Repair Station Hacks . | . . . Recycling Unit Hacks . | . . . Scanalyzer . | . . . Garrison Access Hacks . | . . . Unauthorized Hacks 12 | . 12 . Terminals 9 | . 9 . Track 3 | . 3 . Assimilate 2 | . 2 . Botnet 4 | . 4 . Fabricators . | . . . Repair Stations 1 | . 1 . Mechanics 1 | . 1 . Recycling Units 2 | . 2 . Monitor 1 | . 1 . Recyclers 1 | . 1 . Scanalyzers . | . . . Garrison Access . | . . . Data Cores Recovered . | . . . Used . | . . . Hacking Detections 6 | . 6 . Full Trace Events 2 | . 2 . Feedback Events . | . . . Feedback Blocked . | . . . Robot Schematics Acquired . | . . . Robots Built . | . . . Authchips . | . . . Time . | . . . Total Robot Build Rating . | . . . Part Schematics Acquired . | . . . Parts Built . | . . . Authchips . | . . . Time . | . . . Total Part Build Rating . | . . . Parts Repaired . | . . . Time . | . . . Parts Recycled . | . . . Recycled Matter . | . . . Retrieved Matter . | . . . Retrieved Components . | . . . Parts Scanalyzed . | . . . Part Schematics Acquired . | . . . Parts Damaged . | . . . Bothacking | -11 -10 -10 ------------ Run | Scr Mat Min Used RIF Installer . | . . . Robots Hacked . | . . . Non-combat . | . . . Combat . | . . . Robot Hacks Applied . | . . . Relay Couplers Released . | . . . Fabnet Peak Effective % . | . . . Robots Rewired . | . . . Allies Hacked . | . . . Hacks Repelled . | . . . Allies | -11 -10 -10 -------- Run | Scr Mat Min Total Allies . | . . . Largest Group . | . . . Highest-Rated Group . | . . . Highest-Rated Ally . | . . . Total Orders . | . . . Ally Attacks . | . . . Total Damage . | . . . Kills . | . . . Allies Corrupted . | . . . Allies Melted . | . . . Intel | -11 -10 -10 ------- Run | Scr Mat Min Robot Analysis Total . | . . . Derelict Logs Recovered . | . . . Drone Launches . | . . . Drone Recoveries . | . . . Exploration | -11 -10 -10 ------------- Run | Scr Mat Min Turns Passed 1346 | 46 995 305 Spaces Moved 692 | 32 521 139 Core 7 | 7 . . Treads 492 | . 374 118 Legs 172 | 25 147 . Wheels . | . . . Hover 21 | . . 21 Flight . | . . . Fastest Speed 50 | 50 120 56 Average Speed 146 | 104 148 145 Slowest Speed 190 | 120 190 176 Overloaded Moves . | . . . Propulsion Burnouts . | . . . Robots Hopped . | . . . Cave-ins Triggered . | . . . Exploration Rate (%) 37 | 3 85 24 Regions Visited 2 Branch Regions 1 Pre-discovered Areas . | . . . Known Exits Taken . | . . . Unknown Exits Taken 2 | 1 1 . Scrap Searched . | . . . Spaces Dug . | . . . Terrain Destroyed 38 | . 6 32 Melee . | . . . Projectile . | . . . AOE 38 | . 6 32 Terrain Rammed . | . . . Walls Destroyed . | . . . Machines Disabled . | . . . Actions | -11 -10 -10 --------- Run | Scr Mat Min Total 866 | 43 625 198 Wait 14 | . . 14 Move 690 | 31 520 139 Hop . | . . . Pick Up 28 | 7 19 2 Fast Attach 12 | 3 7 2 Attach 9 | 1 3 5 Detach 1 | . 1 . Swap 22 | . 13 9 Drop 16 | 1 12 3 Fire 74 | . 50 24 Melee . | . . . Ram . | . . . Kick . | . . . Crush . | . . . Escape Stasis . | . . . Rewire . | . . . Trap . | . . . Miscellaneous . | . . . Route ------- -11/Scrapyard -10/Materials (discovered 4 exits: [*Mat x2] / [*Min x2]) -10/Mines History --------- Turn | Location | Event 14 | -11/Scrapyard | Discovered new exit (range 16) 47 | -11/Scrapyard | Entered Materials 271 | -10/Materials | Discovered new exit (range 13) 295 | -10/Materials | Discovered new exit (range 9) 302 | -10/Materials | Build established: Mutant 563 | -10/Materials | Discovered new exit (range 11) 708 | -10/Materials | Core integrity fell below 50% 911 | -10/Materials | Discovered new exit (range 12) 1042 | -10/Materials | Entered Mines 1083 | -10/Mines | Assembled infested the area 1310 | -10/Mines | Core integrity fell below 20% 1347 | -10/Mines | Destroyed by as-19664 with Assembled Maul Last Messages --------------- 01235_ U-05 Engineer builds a Wall. 01240_ as-71990 destroyed. 01243_ Acquired 18 matter. 01251_ The unstable cave ceiling collapses. 01286_ System corrupted: Matter fused (-8). 01314_ Transport Network Coupler destroyed. 01314_ System corrupted by crushing effect (+4). 01317_ EM Pulse Gun destroyed. 01317_ System corrupted by crushing effect (+1). 01324_ Lgt. Treads destroyed. 01326_ Knocked back. 01331_ System corrupted: IFF burst signal emitted. 01332_ Dropped Lrg. Storage Unit. 01333_ Acquired Signal Interpreter. 01338_ The unstable cave ceiling collapses. 01340_ Acquired 73 matter. 01342_ Lgt. Ion Engine destroyed. 01342_ Acquired 14 matter. 01345_ Dropped Lgt. Treads. 01346_ Acquired Flight Unit. Map ----- +----------------------------------------------------+ | | | | | | | | | | | | | ????????????????????????????????????????????? | | ????????????????????????????????????????????? | | ????????????????????????????????????????????? | | ????????????????????????????????????????????? | | ????????????????????????????????????????????? | | ????????????????????????????????????????????? | | ????????????????????????????????????????????? | | #???????????????????????????x???????????????? | | ???????????????????????????????????????????? | | ##?????????????????????????????????????????? | | ##?????????????###????????????????????????? | | ##????????????# ????????????????????????? | | ##???????????# #????????????????????????? | | ###????????## ####?????????????????????? | | ##??#?#### %####?????#######??????? | | # #??# # ???####### #??????? | | #= % ##?# ### *### ###?# * ##??????? | | * #?? # ! % ## ### ##??????? | | ########== =| = [#! ##??????? | | ### ! a !%=aa@==# ##??????? | | # ## # ==a * =# #% #???????? | | ## # ## *%= % #!#### ####???????? | | ##### ## ## =#!# a # ##?# #??????????? | | # *= # ##%##%# #=#### #??????????? | | # *!| ## #=%| # #!| #??????????? | | # ### =# # # =### # ##########??????????? | | ### ??# ## ##### # ##??????????????????? | | #?# ???######## #??## ###???????????????????? | | #?# ??????????# #??## ?????????????????????? | | #?#???????????# ??####????????x????????????? | | #?????????????###????????x????x?x???????????? | | #???????????????????????????????????????????? | | #???????????????????????????????????????????? | | ????????????????????????????????????????????? | | ????????????????????????????????????????????? | | ????????????????????????????????????????????? | | ????????????????????????????????????????????? | | ????????????????????????????????????????????? | | ????????????????????????????????????????????? | | ????????????????????????????????????????????? | | ????????????????????????????????????????????? | | ????????????????????????????????????????????? | | ????????????????????????????????????????????? | | ????????????????????????????????????????????? | +----------------------------------------------------+ Best States ------------- Heat Dissipation 25 Energy Generation 14 Energy Capacity 280 Matter Stores 300 Matter Capacity 300 Sight Range 16 Robot Scan Range 14 Terrain Scan Density 10 Evasion (%) 55 Recoil Reduction 2 Item Schematics ----------------- None Robot Schematics ------------------ None Fabricated ------------ Nothing Alien Tech Used ----------------- None Achievements -------------- None Challenges ------------ None Game ------ Seed SensorNuclearPenetrator Manual? 0 Play Time 00:32:48 Cumulative 40.9 hours Start 2022.05.17 @ 01:02:08 End 2022.05.17 @ 01:33:25 Sessions 1 Manual Loads 0 Difficulty Rogue Special Mode None Game No. 29 Rogue 27 Adventurer 0 Explorer 2 Win Type - Total 0 Types 0/0/0/0/0/0/0/0/0 Lore% 24 Gallery% 28 Achievement% 23 Wizard Run 0 Options --------- ASCII 0 Keyboard 0 Movement Numpad Keybinds 0 Fullscreen 1 Font 18/SmallcapsGlow Map View 76x50 Tactical HUD 1 Map Filters NONE Filters NONE Steam 1 RUN: 037ec7ee-868a-426f-aa35-9a606c0b5423